 Dungeon Crawl Stone Soup version 0.24.0-2-g5b39cebb1c (webtiles) character file.

Game seed: 463466554566368946, levelgen mode: deterministic

2811 mystokes the Spear-Bearer (level 9, -11/72 HPs)
             Began as a Merfolk Gladiator on Oct 30, 2019.
             Was a Priest of Fedhas.
             Shot with an arrow by a centaur warrior (16 damage)
             ... on level 8 of the Dungeon.
             The game lasted 00:50:11 (6659 turns).

mystokes the Spear-Bearer (Merfolk Gladiator)       Turns: 6659, Time: 00:50:12

Health: -11/72     AC:  7    Str: 15    XL:     9   Next: 72%
Magic:  8/11       EV: 15    Int: 12    God:    Fedhas [***...]
Gold:   496        SH:  9    Dex: 15    Spells: 8/8 levels left

rFire    + . .     SeeInvis .   a - +5 spear (freeze)
rCold    . . .     Gourm    .   m - +0 shield
rNeg     . . .     Faith    .   D - +1 robe {rF+}
rPois    .         Spirit   .   c - +1 helmet
rElec    .         Reflect  .   (no cloak)
rCorr    +         Harm     .   N - +0 pair of gloves
MR       .....                  B - +0 pair of boots
Stlth    +.........             q - amulet of regeneration
HPRegen  0.62/turn              h - ring of resist corrosion
MPRegen  0.12/turn              v - +2 ring of intelligence

@: no status effects
A: change form in water, swift swim, stealthy swim
a: Wall of Briars, Grow Ballistomycete, Renounce Religion


You were on level 8 of the Dungeon.
You worshipped Fedhas.
Fedhas was most pleased with you.
You were not hungry.

You visited 1 branch of the dungeon, and saw 8 of its levels.

You collected 496 gold pieces.

Inventory:

Hand Weapons
 a - a +5 spear of freezing (weapon)
 b - a +0 hunting sling
Missiles
 d - 2 throwing nets (quivered)
 o - 154 sling bullets
Armour
 c - a +1 helmet (worn)
 m - a +0 shield (worn)
 B - a +0 pair of boots (worn)
 D - a +1 robe of fire resistance (worn)
 L - the +1 ring mail of Ranguun {rF- Regen+ rCorr Str+3}
   (You found it on level 6 of the Dungeon)

   It affects your strength (+3).
   It makes you vulnerable to fire.
   It increases your rate of regeneration.
   It provides partial protection from all sources of acid and corrosion.
 N - a +0 pair of gloves (worn)
Magical Staves
 A - an uncursed staff of conjuration
 M - an uncursed staff of air
Jewellery
 h - a ring of resist corrosion (left hand)
 q - an amulet of regeneration (around neck)
 v - a +2 ring of intelligence (right hand)
 w - an uncursed ring of wizardry
 O - an uncursed ring of ice
 Q - the ring of Xom's Wrath {*Tele rC+ rN+ Int+4}
   (You found it on level 7 of the Dungeon)

   [ring of teleportation]

   It may teleport you next to monsters.
   It affects your intelligence (+4).
   It protects you from cold.
   It protects you from negative energy.
Wands
 s - a wand of enslavement (8)
 E - a wand of scattershot (10)
 H - a wand of iceblast (6)
 J - a wand of digging (13)
Scrolls
 e - a scroll of magic mapping {unknown}
 g - 2 scrolls of enchant armour
 i - 6 scrolls of amnesia
 l - 2 scrolls of fear
 p - 2 scrolls of remove curse
 r - 6 scrolls of teleportation
 x - a scroll of blinking
 y - a scroll of random uselessness {unknown}
 R - 2 scrolls of enchant weapon
Potions
 j - a potion of magic
 k - 2 potions of cancellation
 n - a potion of degeneration {unknown}
 t - 2 potions of lignification
 u - a potion of agility {unknown}
 z - a potion of invisibility {unknown}
 C - 2 potions of flight
 F - 2 potions of berserk rage
 G - a potion of ambrosia {unknown}
 I - 2 potions of curing {unknown}
 K - a potion of heal wounds {unknown}
Comestibles
 f - 17 rations
 P - 2 chunks of flesh


   Skills:
 + Level 7.4 Fighting
 - Level 12.0 Polearms
 - Level 2.0 Throwing
 - Level 8.0 Dodging
 * Level 4.5 Shields
 + Level 3.7 Invocations


You had 8 spell levels left.
You didn't know any spells.
Your spell library was empty.

Dungeon Overview and Level Annotations

Branches:
Dungeon (8/15)             Temple (0/1) D:4
   Lair: D:8-11

Altars:
Cheibriados
Elyvilon
Fedhas
Gozag
The Shining One

Annotations:
D:4 1 runed translucent door, ventricule's ghost, novice DDFi


Message History

You hit the centaur warrior but do no damage.
The centaur warrior is severely wounded.
Press: ? - help, v - describe, . - travel
Here: a centaur warrior (severely wounded)
The floor, spattered with blood.
You hit the centaur warrior but do no damage.
The centaur warrior is severely wounded.
The centaur warrior hits you!
You see a puff of smoke.
A briar patch grows up from the ground. x3
You feel slightly more hungry. The centaur warrior hits you!
The centaur warrior barely misses you.
You walk carefully through the plants.
The centaur warrior wields a +0 longbow.
The centaur warrior shoots an arrow.
The arrow hits you!!
* * * LOW HITPOINT WARNING * * *
You see here 2 arrows.
The centaur warrior shoots an arrow.
The arrow barely misses you.
The centaur warrior shoots an arrow.
The arrow hits you!
You die...
Fedhas appreciates your contribution to the ecosystem.

.###### .#####.##....#.#
.......#?......##.รท###.#
.............####..###.#
#............# #......#
#...#........# ##.....#
[.....^Pc....# #.....#
......P.# #.....#
.#..###P######## #.....#
.......@.......# ###.###
.#######.#####.# #.#
......##.#####.#
#.##.##..........# ..
#.#####.####### ## #..
...# ### #####


You could see a centaur warrior.

Vanquished Creatures
  Pikel (D:5)
  Sigmund (D:2)
  2 sky beasts
  An ice beast (D:8)
  A black bear (D:7)
  A phantom (D:7)
  An orc warrior (D:5)
  2 ogres (D:6)
  6 centaurs
  Blork the orc (D:5)
  4 bullfrogs
  2 scorpions (D:7)
  3 wights (D:6)
  A bullfrog zombie (D:6)
  A bullfrog skeleton (D:7)
  A hound (D:5)
  An iron imp (D:7)
  Jessica (D:2)
  Ijyb (D:5)
  An iguana (D:7)
  5 orc wizards
  4 worker ants
  A hound zombie (D:8)
  A hound skeleton (D:7)
  2 worker ant zombies
  4 adders
  A shadow imp (D:6)
  An adder zombie (D:7)
  5 worms
  4 leopard geckos
  9 orcs
  4 ball pythons
  3 giant cockroaches
  8 goblins
  5 hobgoblins
  4 jackals (D:3)
  7 quokkas
  10 bats
  5 frilled lizards
  7 kobolds
  11 rats
134 creatures vanquished.

Vanquished Creatures (collateral kills)
  2 orc priests (D:5)
  2 orc wizards (D:5)
4 creatures vanquished.

Grand Total: 138 creatures vanquished

Notes
Turn   | Place    | Note
-------+----------+-------------------------------------------
     0 | D:1      | mystokes the Merfolk Gladiator began the quest for the Orb.
     0 | D:1      | Reached XP level 1. HP: 16/16 MP: 1/1
   204 | D:1      | Reached XP level 2. HP: 23/23 MP: 2/2
   255 | D:1      | Reached skill level 5 in Polearms
   793 | D:2      | Found a blossoming altar of Fedhas.
   803 | D:2      | Reached XP level 3. HP: 26/28 MP: 3/3
   841 | D:2      | Became a worshipper of Fedhas Madash
   954 | D:2      | Noticed Jessica
  1110 | D:2      | Noticed Sigmund
  1200 | D:2      | Found a glowing golden altar of the Shining One.
  1201 | D:2      | Found an opulent altar of Gozag.
  1207 | D:2      | Found a white marble altar of Elyvilon.
  1275 | D:2      | Killed Sigmund
  1275 | D:2      | Reached skill level 7 in Polearms
  1275 | D:2      | Reached skill level 5 in Dodging
  1275 | D:2      | Reached XP level 4. HP: 33/35 MP: 4/4
  1275 | D:2      | Reached XP level 5. HP: 39/41 MP: 5/5
  1363 | D:3      | Reached XP level 6. HP: 48/48 MP: 6/6
  1371 | D:3      | Reached * piety under Fedhas
  2436 | D:4      | Found a staircase to the Ecumenical Temple.
  2602 | D:4      | Found a runed translucent door.
  2602 | D:4      | Noticed ventricule's ghost (novice DDFi)
  2920 | D:5      | Entered Level 5 of the Dungeon
  2920 | D:5      | Noticed a slave
  2985 | D:5      | Reached ** piety under Fedhas
  2985 | D:5      | Reached skill level 8 in Polearms
  3058 | D:5      | Noticed Blork the orc
  3079 | D:5      | Reached XP level 7. HP: 28/54 MP: 4/7
  3184 | D:5      | Killed Blork the orc
  3265 | D:5      | Reached skill level 9 in Polearms
  3265 | D:5      | Noticed Pikel
  3287 | D:5      | Killed Pikel
  3287 | D:5      | Reached skill level 5 in Fighting
  3287 | D:5      | Reached skill level 10 in Polearms
  3287 | D:5      | Reached XP level 8. HP: 44/62 MP: 6/8
  3342 | D:5      | Noticed Ijyb
  3367 | D:5      | Killed Ijyb
  3421 | D:5      | Reached skill level 1 in Invocations
  3988 | D:6      | Reached skill level 11 in Polearms
  4372 | D:6      | Reached XP level 9. HP: 64/69 MP: 11/11
  4697 | D:6      | Got a bloodstained ring mail
  4708 | D:6      | Identified the cursed +1 ring mail of Ranguun {rF- Regen+
                  | rCorr Str+3} (You found it on level 6 of the Dungeon)
  4898 | D:7      | Reached skill level 12 in Polearms
  4898 | D:7      | Reached skill level 1 in Shields
  4906 | D:7      | Found a snail-covered altar of Cheibriados.
  5438 | D:7      | Reached *** piety under Fedhas
  5662 | D:7      | Got a translucent platinum ring
  5664 | D:7      | Identified the ring of Xom's Wrath {*Tele rC+ rN+ Int+4}
                  | (You found it on level 7 of the Dungeon)
  6095 | D:2      | Killed Jessica
  6633 | D:8      | Noticed a centaur warrior
  6659 | D:8      | Shot with an arrow by a centaur warrior

Levels and vault maps discovered:
D:1:      saegor_arrival_simple_a, layout_loops_ring
D:2:      layout_basic, minitemple, fedhas_altar_3, uniq_jessica, uniq_sigmund
D:3:      layout_basic
D:4:      layout_cave_pools, minmay_temple_entry_hall,
          hellmonk_ghost_happy_afterlife, first_ration
D:5:      layout_rooms, uniq_ijyb, uniq_pikel, uniq_blork_the_orc
D:6:      layout_loops_corners, minmay_misc_feat_enclosed,
          minmay_misc_feat_five, nrook_loot_triangle, chequers_avenue,
          kennysheep_nondescript, corexii_mini_fake_secret_closet,
          minmay_hedge_maze
D:7:      layout_basic, slow_altar_1
D:8:      layout_loops_cross, lair_entry_dummy

Skill      XL: |  1  2  3  4  5  6  7  8  9 |
---------------+----------------------------+-----
Polearms       | 5 7 8 10 11 12 | 12.0
Fighting       | 3 4 5 6 7 |  7.4
Dodging        | 5 6 7 8 |  8.0
Invocations    | 2 3 |  3.7
Shields        | 4 |  4.5
Throwing       | |  2.0

Action                   |  1- 3 |  4- 6 |  7- 9 || total
-------------------------+-------+-------+-------++-------
Melee: Trident           |    98 |   179 |   111 ||   388
       Spear             |       |       |   223 ||   223
 Fire: Hunting sling     |       |     4 |    12 ||    16
Throw: Throwing net      |     1 |       |     1 ||     2
Invok: Wall of Briars    |       |     1 |     2 ||     3
  Use: Scroll            |       |     6 |     7 ||    13
       Potion            |       |       |     1 ||     1
 Stab: Sleeping          |     2 |       |     4 ||     6
       Held in net/web   |     2 |       |       ||     2
  Eat: Chunk             |     1 |     5 |     9 ||    15
       Ration            |       |       |     1 ||     1
Armor: Leather armour    |    10 |     2 |       ||    12
       Ring mail         |       |    24 |     4 ||    28
       Robe              |       |       |    23 ||    23
Dodge: Dodged            |    33 |    67 |   123 ||   223
Block: Shield            |       |       |    26 ||    26
